 Dungeon Crawl Stone Soup version 0.22-a0-15-g4f60a598d5 (webtiles) character file.

8 Kaname the Magician (level 2, 7/19 HPs)
             Began as a Demonspawn Wizard on Jan 2, 2018.
             Quit the game on level 1 of the Dungeon.
             The game lasted 00:01:11 (183 turns).

Kaname the Magician (Demonspawn Wizard)              Turns: 183, Time: 00:01:11

Health: 7/19       AC:  2    Str:  7    XL:     2   Next: 0%
Magic:  1/6        EV: 12    Int: 19    God:
Gold:   13         SH:  0    Dex: 11    Spells: 6/7 levels left

rFire    . . .     SeeInvis .   g - -1 short sword (curse)
rCold    . . .     Gourm    .   (no shield)
rNeg     . . .     Faith    .   a - +0 robe
rPois    .         Spirit   .   b - +0 hat
rElec    .         Reflect  .   (no cloak)
rCorr    .         Harm     .   (no gloves)
MR       .....                  (no boots)
Stlth    ++........             (no amulet)
HPRegen  0.06/turn              (no ring)
MPRegen  0.10/turn              (no ring)

@: very slightly contaminated
A: talons 1
a: no special abilities


You were on level 1 of the Dungeon.
You were not hungry.

You visited 1 branch of the dungeon, and saw 1 of its levels.

You collected 13 gold pieces.

Inventory:

Hand Weapons
 g - a cursed -1 short sword (weapon)
Missiles
 f - 8 javelins (quivered)
Armour
 a - a +0 robe (worn)
 b - a +0 hat (worn)
Potions
 e - a potion of cancellation {unknown}
Books
 c - a book of Minor Magic

   Spells                             Type                      Level
   a - Magic Dart                     Conjuration                  1
   b - Blink                          Translocation                2
   c - Call Imp                       Summoning                    2
   d - Slow                           Hexes                        2
   e - Conjure Flame                  Conjuration/Fire             3
   f - Mephitic Cloud                 Conjuration/Poison/Air       3
Comestibles
 d - a ration


   Skills:
 - Level 1.7 Dodging
 - Level 1.7 Stealth
 - Level 3.0 Spellcasting
 + Level 2.1 Conjurations
   Level 1.0 Summonings
   Level 0.8 Translocations


You had 6 spell levels left.
You knew the following spells:

 Your Spells              Type           Power        Failure   Level  Hunger
a - Magic Dart            Conj           ##..         6%          1    None


Dungeon Overview and Level Annotations

Branches:
Dungeon (1/15)

Altars:


Innate Abilities, Weirdness & Mutations

You have sharp toenails.


Message History

The bat hits you but does no damage.
You closely miss the bat.
The bat is severely wounded.
The bat closely misses you. The bat hits you but does no damage.
You miss the bat.
The bat is severely wounded.
The bat hits you.
You barely miss the bat.
The bat is severely wounded.
The bat hits you but does no damage.
You hit the bat but do no damage.
The bat is severely wounded.
The bat hits you.
You hit the bat.
You kill the bat!
You have reached level 2!
You feel monstrous as your demonic heritage exerts itself.
Your demonic ancestry asserts itself...
Your toenails lengthen and sharpen.
Are you sure you want to abandon this character and quit the game? (Confirm with "yes".)

b.. ..# ..#
###############..##
##.........#...b...#
##......###.#.###.......
#.......#...#...#.....#.
#.......#.#####†#.......
#.......#......@#..#....
#.......#.#####.#..###..
#.......#...# ..#.#. .
##......###.#.###...
##..........#.
#.......##### ##.
#...)......# #....
##''####....#......
.......#.......#


There were no monsters in sight!

Vanquished Creatures
  3 bats (D:1)
  2 hobgoblins (D:1)
  A frilled lizard (D:1)
  A kobold (D:1)
7 creatures vanquished.

Notes
Turn   | Place    | Note
-------+----------+-------------------------------------------
     0 | D:1      | Kaname the Demonspawn Wizard began the quest for the Orb.
     0 | D:1      | Reached XP level 1. HP: 13/13 MP: 4/4
   182 | D:1      | Gained mutation: You have sharp toenails. [demonic ancestry]
   182 | D:1      | Reached XP level 2. HP: 7/19 MP: 0/6
   183 | D:1      | Quit the game

Vault maps used:
D:1:      lightli_arrival_windingriver, minmay_misc_feat_ornament

Skill      XL: |  1 |
---------------+----+-----
Conjurations   | 2 |  2.1
Dodging        | |  1.7
Stealth        | |  1.7
Spellcasting   | |  3.0
Summonings     | |  1.0
Translocations | |  0.8

Action                   || total
-------------------------++-------
Melee: Short sword       ||    11
       Unarmed           ||     4
Throw: Javelin           ||     6
 Cast: Magic Dart        ||    11
Armor: Robe              ||    11
Dodge: Dodged            ||    22

Table legend:
 A = Spawn XP
 B = Non-spawn XP
 C = Spawn XP percentage of total XP
 D = Spawn monster count
 E = Non-spawn monster count
 F = Spawn count percentage of total count
 G = Total turns spent on level
                    A         B        C        D         E        F      G
               +---------+---------+-------+---------+---------+-------+---------
         Total |       0 |      12 |   0.0 |       0 |       7 |   0.0 |   183
               +---------+---------+-------+---------+---------+-------+---------
           D:1 |       0 |      12 |   0.0 |       0 |       7 |   0.0 |   183
               +---------+---------+-------+---------+---------+-------+---------
